 Dungeon Crawl Stone Soup version 0.20.1-1-g8b1a95d (console) character file.

5329 hilaritas the Fighter (level 10, -2/114 HPs)
             Began as a Halfling Hunter on Feb 18, 2018.
             Was an Elder of Okawaru.
             Slain by an orc warrior
             ... wielding a +0 dire flail
              (8 damage)
             ... on level 8 of the Dungeon.
             The game lasted 00:42:10 (9290 turns).

hilaritas the Fighter (Halfling Hunter)             Turns: 9290, Time: 00:42:11

Health: -2/114     AC: -2    Str: 15    XL:     10   Next: 96%
Magic:  0/15       EV:  3    Int:  9    God:    Okawaru [****..]
Gold:   196        SH:  0    Dex: 22    Spells: 4/9 levels left

rFire    . . .     SeeInvis .   a - +2 hunting sling
rCold    . . .     Gourm    .   (shield restricted)
rNeg     + + +     Faith    .   (armour currently unavailable)
rPois    +         Spirit   +   (helmet currently unavailable)
rElec    .         Reflect  .   (cloak currently unavailable)
rCorr    .         Harm     .   (gloves currently unavailable)
MR       .....     NoTele   +   (boots currently unavailable)
Stlth    ++++++....             n - amulet of guardian spirit
Regen    0.3/turn               x - +1 ring of protection
MPRegen  0.2/turn               Q - ring of positive energy

@: agile, tree-form, heroism, corroded
A: mutation resistance 1
a: Heroism, Renounce Religion


You were on level 8 of the Dungeon.
You worshipped Okawaru.
Okawaru was greatly pleased with you.
You were not hungry.
You were a tree.
You visited 2 branches of the dungeon, and saw 9 of its levels.

You collected 386 gold pieces.
You spent 190 gold pieces at shops.

Inventory:

Hand Weapons
 a - a +2 hunting sling (weapon)
 b - a +0 short sword
 e - a +2 dagger of venom
Missiles
 c - 95 arrows
 d - 8 sling bullets (quivered)
 h - 206 stones
Armour
 q - a +1 cloak of invisibility (melded)
 s - a +2 leather armour of magic resistance (melded)
 B - the +2 pair of boots of Makhleb's Condemnation (melded) {rF+ rN+ MP+9 Stlth+}
   (You bought it in a shop on level 4 of the Dungeon)

   It protects you from fire.
   It protects you from negative energy.
   It affects your magic capacity (+9).
   It makes you more stealthy.
 C - a scarf of repulsion
 N - a +0 helmet (melded)
Jewellery
 n - an amulet of guardian spirit (around neck)
 x - a +1 ring of protection (left branch)
 Q - a ring of positive energy (right branch)
Wands
 m - a wand of flame (20/48)
 t - a wand of random effects (40/48)
 z - a wand of random effects (14/48)
 E - a wand of lightning (9/15)
 H - a wand of acid (11/15)
 L - a wand of polymorph (13/24)
 M - a wand of random effects (21/48)
Scrolls
 k - 3 scrolls of remove curse
 u - 2 scrolls of amnesia
 w - a scroll of fog
 y - 3 scrolls of recharging
 D - a scroll of magic mapping
 F - 4 scrolls of teleportation
 P - a scroll of enchant weapon
Potions
 g - a potion of agility
 i - 3 potions of flight
 j - 3 potions of lignification
 l - 2 potions of curing
 o - 2 potions of magic
 p - a potion of berserk rage
 r - a potion of brilliance {unknown}
 v - a potion of might {unknown}
 A - a potion of mutation {unknown}
 G - a potion of haste {unknown}
 I - 2 potions of cancellation
 K - a potion of heal wounds {unknown}
Comestibles
 f - 7 bread rations
 J - 2 meat rations
 O - 5 chunks of flesh


   Skills:
 - Level 10.2(15.2) Fighting
 - Level 3.1(8.1) Short Blades
 - Level 10.1(15.1) Slings
 + Level 1.6(6.6) Armour
 * Level 5.0(10.0) Dodging
 - Level 4.0(9.0) Stealth
 * Level 7.2 Invocations


You had 4 spell levels left.
You knew the following spells:

 Your Spells              Type           Power        Failure   Level  Hunger
a - Sticks to Snakes      Tmut           #.......     52%         2    ###....
b - Regeneration          Chrm/Necr      #.........   77%         3    ####...


Dungeon Overview and Level Annotations

Branches:
Dungeon (8/15)             Temple (1/1) D:4
   Lair: D:8-11

Altars:
Ashenzari
Cheibriados
Dithmenos
Elyvilon
Fedhas
Gozag
Hepliaklqana
Kikubaaqudgha
Makhleb
Nemelex Xobeh
Okawaru
Qazlal
Ru
Sif Muna
Trog
Uskayaw
Vehumet
Xom
Yredelemnul
Zin
The Shining One
Beogh

Shops:
D:4 [   D:5 %


Innate Abilities, Weirdness & Mutations

You are small and have problems with some larger weapons.
You are somewhat resistant to further mutation.


Message History

The sling bullet hits the orc warrior but does no damage.
The orc warrior is almost dead.
You turn into a tree.
Your +1 cloak of invisibility melds into your body.
Your +0 helmet melds into your body.
The +2 pair of boots of Makhleb's Condemnation {rF+ rN+ MP+9 Stlth+} melds into your body.
Your +2 leather armour of magic resistance melds into your body.
You feel less resistant to hostile enchantments.
Your roots penetrate the ground.
The orc warrior hits you with a dire flail!
* * * LOW HITPOINT WARNING * * *
Firing (i - inventory. (,) - cycle):
d - 9 sling bullets (quivered)
Press: ? - help, Shift-Dir - straight line, f/p - rust devil
Aim: a rust devil (heavily wounded)
You shoot a sling bullet.
The sling bullet barely misses the orc warrior.
The sling bullet hits the rust devil but does no damage.
The rust devil is lightly wounded.
The orc warrior hits you with a dire flail!
You die...

#....................#..........
#.#####.#######......#.###......
#.# #.# #......#.# #...... #.#
#.# #......#.# #...... #.# #.#
#......#.###...... #.# #.#
########.......... #.# #.#
#####...... #.# #.# #...... #.#
#.# #...... #.# #.# #######
#...... #.# #.# #♣o44.# #......
##.#####.# #####.# #######
.........# #.#
##.#################.#
...............).....#
##.################### ...# ####


You could see 2 rust devils and an orc warrior.

Vanquished Creatures
  A two-headed ogre (D:8)
  The ghost of hilaritas the Slicer, a novice HaFi of Okawaru (D:5)
  Joseph (D:7)
  A hippogriff (D:8)
  Eustachio (D:5)
  2 orc warriors
  A phantom (D:6)
  An ice beast (D:5)
  A sky beast (D:5)
  5 ogres
  A necrophage (D:5)
  A centaur (D:7)
  A big kobold (D:8)
  3 bullfrogs
  2 scorpions
  6 killer bees (D:7)
  5 howler monkeys
  A jelly (D:7)
  6 crimson imps
  A bullfrog zombie (D:8)
  A centaur zombie (D:7)
  2 hounds
  8 orc priests
  2 bullfrog skeletons
  17 orc wizards
  Crazy Yiuf (D:2)
  A centaur skeleton (D:7)
  Jessica (D:3)
  3 iguanas
  Ijyb (D:5)
  9 worker ants
  A hound zombie (D:6)
  2 hound skeletons
  A worker ant zombie (D:6)
  7 gnolls
  13 adders
  2 shadow imps (D:5)
  2 worms
  A dart slug (D:1)
  5 leopard geckos
  15 orcs
  11 bats
  5 giant cockroaches
  4 hobgoblins
  10 jackals
  3 quokkas
  2 ball pythons
  A ball python skeleton (D:6)
  3 frilled lizards (D:2)
  7 goblins
  10 kobolds
  A leopard gecko zombie (D:5)
  5 rats
199 creatures vanquished.

Notes
Turn   | Place    | Note
-------+----------+-------------------------------------------
     0 | D:1      | hilaritas the Halfling Hunter began the quest for the Orb.
     0 | D:1      | Reached XP level 1. HP: 14/14 MP: 1/1
   252 | D:1      | Reached XP level 2. HP: 19/19 MP: 2/2
   774 | D:2      | Reached XP level 3. HP: 24/24 MP: 3/3
  1318 | D:2      | Reached XP level 4. HP: 29/29 MP: 4/4
  1664 | D:2      | Found a runed door.
  1672 | D:2      | Noticed Crazy Yiuf
  1680 | D:2      | Killed Crazy Yiuf
  1958 | D:3      | Reached XP level 5. HP: 34/34 MP: 5/5
  2186 | D:3      | Noticed Jessica
  2200 | D:3      | Killed Jessica
  2200 | D:3      | Reached XP level 6. HP: 41/41 MP: 6/6
  2568 | D:4      | Found Helonirr's Antique Armour Emporium.
  2570 | D:4      | Noticed an ogre
  2574 | D:4      | Killed an ogre
  2607 | D:4      | Reached XP level 7. HP: 41/46 MP: 7/7
  2780 | D:4      | Found a staircase to the Ecumenical Temple.
  2799 | Temple   | Entered the Ecumenical Temple
  2893 | Temple   | Became a worshipper of Warmaster Okawaru
  3155 | D:4      | Reached skill level 1 in Invocations
  3418 | D:4      | Reached * piety under Okawaru
  3677 | D:4      | Reached XP level 8. HP: 54/54 MP: 9/9
  3865 | D:5      | Entered Level 5 of the Dungeon
  3872 | D:5      | Reached skill level 10 in Slings
  4007 | D:5      | Reached skill level 5 in Fighting
  4092 | D:5      | Noticed Eustachio
  4106 | D:5      | Killed Eustachio
  4106 | D:5      | Reached skill level 1 in Short Blades
  4220 | D:5      | Learned a level 2 spell: Sticks to Snakes
  4234 | D:5      | Noticed hilaritas's ghost (novice HaFi)
  4335 | D:5      | HP: 7/85 [hilaritas's ghost (3)]
  4341 | D:5      | Killed hilaritas's ghost
  4341 | D:5      | Reached ** piety under Okawaru
  4341 | D:5      | Reached XP level 9. HP: 7/63 MP: 1/11
  4722 | D:5      | Noticed Ijyb
  4740 | D:5      | Killed Ijyb
  4742 | D:5      | Found Gufeox's Food Shoppe.
  4843 | D:4      | Bought a pair of transparent boots for 190 gold pieces
  4854 | D:4      | Identified the +2 pair of boots of Makhleb's Condemnation {rF+ rN+ MP+9 Stlth+} (You bought it in a shop on level 4 of the Dungeon)
  5127 | D:5      | Learned a level 3 spell: Regeneration
  5227 | D:5      | Found a sparkling altar of Nemelex Xobeh.
  6008 | D:6      | Reached *** piety under Okawaru
  6665 | D:6      | Reached skill level 5 in Invocations
  6757 | D:6      | Reached XP level 10. HP: 74/74 MP: 13/13
  7502 | D:7      | Found a roughly hewn altar of Beogh.
  7676 | D:7      | Noticed Joseph
  7691 | D:7      | Killed Joseph
  7691 | D:7      | Reached **** piety under Okawaru
  7691 | D:7      | Reached skill level 10 in Fighting
  7900 | D:7      | Found a deep blue altar of Sif Muna.
  8246 | D:8      | Noticed a two-headed ogre
  8262 | D:8      | Killed a two-headed ogre
  8262 | D:8      | Received a gift from Okawaru
  8262 | D:8      | Received a gift from Okawaru
  8416 | D:8      | Reached skill level 1 in Armour
  8951 | D:8      | Received a gift from Okawaru
  9214 | D:7      | Noticed a rust devil
  9214 | D:7      | Noticed a rust devil
  9222 | D:7      | Reached skill level 5 in Dodging
  9289 | D:8      | HP: 6/114 [orc warrior/dire flail (6)]
  9290 | D:8      | Slain by an orc warrior

Skill      XL: |  1  2  3  4  5  6  7  8  9 10 |
---------------+-------------------------------+-----
Slings         | 6 7 8 9 10 | 10.1
Fighting       | 2 3 4 6 9 10 | 10.2
Stealth        | 2 3 4 |  4.0
Invocations    | 2 3 5 7 |  7.2
Short Blades   | 1 2 3 |  3.1
Dodging        | 5 |  5.0
Armour         | 1 |  1.6

Action                   |  1- 3 |  4- 6 |  7- 9 | 10-12 || total
-------------------------+-------+-------+-------+-------++-------
Melee: Dagger            |    19 |    19 |   182 |    15 ||   235
       Punch             |       |       |     2 |       ||     2
       Hunting sling     |       |       |     1 |       ||     1
       Short sword       |       |       |       |     1 ||     1
 Fire: Hunting sling     |    63 |    97 |   373 |   333 ||   866
Invok: Heroism           |       |       |     2 |     4 ||     6
  Use: Scroll            |    10 |     3 |     3 |     4 ||    20
       Potion            |       |       |     4 |     2 ||     6
  Eat: Chunk             |     1 |     4 |    12 |     6 ||    23
       Fruit             |       |       |     1 |     1 ||     2
Armor: Leather armour    |     6 |     5 |    44 |    38 ||    93
       Skin              |       |       |    43 |       ||    43
Dodge: Dodged            |    23 |    20 |   109 |   121 ||   273
